 Dungeon Crawl Stone Soup version 0.14-a0-2542-g51e44bb (webtiles) character file.

8863 Herrn the Carver (level 11, 0/102 HPs)
             Began as a Djinni Artificer on Feb 10, 2014.
             Was a High Priest of Okawaru.
             Slain by a big kobold
             ... wielding a +1,+0 dagger of electrocution
              (24 damage)
             ... on Level 11 of the Dungeon.
             The game lasted 01:14:35 (14591 turns).

Herrn the Carver (Djinni Artificer)                Turns: 14591, Time: 01:14:41

HP   0/102       AC 16     Str 12      XL: 11   Next: 10%
MP   0/0         EV  1     Int 12      God: Okawaru [*****.]
Gold 369         SH  0     Dex 17      Spells:  0 memorised, 10 levels left

rFire  + + +     SeeInvis .     o - +7 Singing Sword
rCold  . . .     Clarity  .     F - +4 plate armour {rC+}
rNeg   + + +     Conserve .     (no shield)
rPois  .         rCorr    .     p - +0 helmet
rElec  .         rRot     .     (no cloak)
SustAb . .       Spirit   .     h - +0 pair of elf gloves
rMut   .         Warding  .     (boots unavailable)
Saprov . . .     Stasis   .     x - amulet of faith
MR     +....                    K - ring of protection from magic
                                s - ring of teleport control

@: flying, somewhat resistant to hostile enchantments, extremely unstealthy
A: fire immunity, cold vulnerability, life protection 3
a: Heroism, Finesse, Renounce Religion, Evoke Teleport Control


You were on level 11 of the Dungeon.
You worshipped Okawaru.
Okawaru was extremely pleased with you.
You were not hungry.

You visited 2 branches of the dungeon, and saw 12 of its levels.
You also visited: Sewer and Ossuary.

You collected 369 gold pieces.

Inventory:

Hand weapons
 b - a +1,+3 long sword
 o - the +7,+7 Singing Sword (weapon)
   (You found it on level 4 of the Dungeon)
 B - a +1,+2 great sword
Armour
 h - a +0 pair of elven gloves (worn)
 p - a +0 helmet (worn)
 F - a +4 plate armour of cold resistance (worn)
Magical devices
 c - a wand of enslavement (14)
 d - a wand of random effects (9)
 w - a wand of confusion (12)
 A - a wand of frost (12)
 C - a wand of polymorph (16)
 H - a wand of digging (12)
 N - a wand of invisibility (1)
Scrolls
 a - 2 scrolls of recharging
 f - 2 scrolls of amnesia
 j - a scroll of immolation
 n - 3 scrolls of teleportation
 r - 2 scrolls of noise
 u - 3 scrolls of fear
 D - a scroll of blinking
 I - a scroll of remove curse
 M - 2 scrolls of fog
Jewellery
 s - a ring of teleport control (left hand)
 x - an amulet of faith (around neck)
 K - a ring of protection from magic (right hand)
Potions
 e - 9 potions of curing
 g - 3 potions of brilliance
 k - 4 potions of might
 l - 2 potions of restore abilities
 t - 3 potions of speed
 v - a potion of invisibility
 z - a potion of heal wounds
 E - a potion of resistance
Books
 m - a book of Enchantments

   Spells                             Type                      Level
   Cause Fear                         Hexes                        4
   Silence                            Hexes/Air                    5
   Tukima's Dance                     Hexes                        5
   Deflect Missiles                   Charms/Air                   6
   Haste                              Charms                       6
   Discord                            Hexes                        8
 q - a book of Frost

   Spells                             Type                      Level
   Freeze                             Ice                          1
   Throw Frost                        Conjuration/Ice              2
   Ozocubu's Armour                   Charms/Ice                   3
   Throw Icicle                       Conjuration/Ice              4
   Summon Ice Beast                   Ice/Summoning                4
   Condensation Shield                Ice                          4
Miscellaneous
 y - a stone of tremors


   Skills:
 * Level 9.4 Fighting
   Level 0.7 Short Blades
 * Level 11.4 Long Blades
 - Level 1.7 Dodging
 - Level 0.7 Stealth
 * Level 4.2 Invocations
 - Level 8.0 Evocations


You had 10 spell levels left.
You didn't know any spells.

Dungeon Overview and Level Annotations

Branches:
Dungeon (11/16)            Temple (1/1) D:5            Lair (0/8) D:10
    Orc: D:9-12

Altars:
Ashenzari
Cheibriados
Dithmengos
Elyvilon
Fedhas
Kikubaaqudgha
Makhleb
Nemelex Xobeh
Okawaru
Sif Muna
Trog
Vehumet
Xom
Yredelemnul
Zin
The Shining One
Beogh

Shops:
D:7 [


Innate Abilities, Weirdness & Mutations

You are immune to all types of fire, even holy and hellish.
You are vulnerable to cold.
You need no food.
You have no legs.
You are immune to negative energy.


Message History

The hobgoblin hits you but does no damage.
The big kobold hits you but does no damage.
You are electrocuted!
You closely miss the hobgoblin. The kobold barely misses you.
The kobold hits you but does no damage.
The hobgoblin hits you but does no damage.
The big kobold hits you but does no damage.
You are electrocuted!
* * * LOW HITPOINT WARNING * * *
You barely miss the hobgoblin. The kobold hits you but does no damage.
The kobold hits you but does no damage.
The hobgoblin hits you but does no damage.
The big kobold hits you but does no damage.
You feel better. The kobold hits you but does no damage.
The kobold hits you but does no damage.
The hobgoblin hits you but does no damage.
The big kobold hits you with a dagger of electrocution.
* * * LOW HITPOINT WARNING * * *
You are electrocuted!
You die...

### #..
#.#######
##.(......
#......# #.<#
#)(# ##.
#.K###......
#KK@g.......
#KK#######ยง#
#..# #....
#.#### #.#
#.# ... #..


You could see a big kobold, a hobgoblin and 4 kobolds.

Vanquished Creatures
  A satyr (D:10)
  A cyclops (D:11)
  2 trolls
  A spriggan (D:9)
  2 wyverns (D:8)
  2 hippogriffs
  A hungry ghost (D:10)
  Grum (D:8)
  4 wolves (D:8)
  2 necrophages
  A phantom (D:6)
  A sky beast (D:9)
  2 ogres
  5 orc warriors
  A crocodile (D:9)
  Duvessa (D:8)
  7 centaurs
  An elf zombie (D:7)
  A water moccasin (D:8)
  3 giant frogs
  13 killer bees
  A jelly (D:7)
  9 wights
  Dowan (D:8)
  3 centaur zombies
  A goliath beetle (D:7)
  3 crimson imps
  5 hounds
  2 human zombies
  An iguana (D:9)
  9 orc priests
  A centaur skeleton (D:10)
  2 giant frog skeletons
  A big fish (Sewer)
  9 orc wizards
  8 scorpions
  2 human skeletons (D:7)
  6 worker ants
  Ijyb (D:7)
  3 big kobold zombies (Ossuary)
  A hound zombie (D:5)
  An ogre skeleton (D:6)
  6 mummies
  14 adders
  3 giant centipedes
  A green rat (D:5)
  7 giant mites
  An inept feature mimic (D:7)
  3 worms
  An adder zombie (Ossuary)
  A grey rat (D:5)
  4 giant eyeballs
  4 giant geckos
  An ooze (D:3)
  47 orcs
  3 ball pythons (Sewer)
  8 giant cockroaches
  6 goblins
  18 hobgoblins
  24 jackals
  20 bats
  4 giant newts
  A hobgoblin skeleton (D:6)
  9 hobgoblin zombies (Ossuary)
  21 kobolds
  12 kobold zombies (Ossuary)
  8 orc zombies
  5 quokkas
  10 rats
  2 rat zombies (Ossuary)
  A fungus (D:4)
  4 plants (Sewer)
372 creatures vanquished.

Vanquished Creatures (collateral kills)
  An orc (D:5)
1 creature vanquished.

Vanquished Creatures (others)
  A fungus (D:4)
1 creature vanquished.

Grand Total: 374 creatures vanquished

Notes
Turn   | Place    | Note
--------------------------------------------------------------
     0 | D:1      | Herrn, the Djinni Artificer, began the quest for the Orb.
     0 | D:1      | Reached XP level 1. HP: 13/13 MP: 0/0
   104 | D:1      | Reached skill level 1 in Fighting
   239 | D:1      | Reached XP level 2. EP: 19/21
   270 | D:1      | Reached skill level 4 in Evocations
   428 | D:1      | HP: 1/21 [poisoned by a giant mite]
   435 | D:1      | HP: 1/21 [poisoned by a giant mite]
   772 | D:2      | Reached XP level 3. EP: 2/28
  1358 | D:2      | Reached skill level 5 in Evocations
  1408 | D:2      | Reached XP level 4. EP: 17/36
  2571 | D:3      | Reached XP level 5. EP: 40/44
  2579 | D:3      | Reached skill level 6 in Evocations
  3349 | D:4      | Reached XP level 6. EP: 29/54
  3365 | D:4      | HP: 2/54 [scorpion (5)]
  3382 | D:4      | HP: 2/54 [scorpion (7)]
  3874 | D:4      | Got a transparent robe
  3893 | D:4      | Identified the +0 robe of Surprise {+Inv} (You found it on level 4 of the Dungeon)
  4061 | D:4      | Found a blossoming altar of Fedhas.
  4168 | D:4      | Reached skill level 7 in Evocations
  4653 | D:4      | Noticed a centaur
  4658 | D:4      | Killed a centaur
  4658 | D:4      | Reached XP level 7. EP: 64/64
  4889 | D:5      | Entered Level 5 of the Dungeon
  4918 | D:5      | Paralysed by a giant eyeball for 2 turns
  4922 | D:5      | Paralysed by a giant eyeball for 3 turns
  4925 | D:5      | Reached skill level 1 in Long Blades
  4928 | D:5      | Paralysed by a giant eyeball for 2 turns
  4931 | D:5      | Paralysed by a giant eyeball for 4 turns
  4938 | D:5      | HP: 3/64 [poisoned by an orc wizard]
  4938 | D:5      | Paralysed by a giant eyeball for 2 turns
  4939 | D:5      | HP: 1/64 [poisoned by an orc wizard]
  5143 | D:5      | Reached skill level 5 in Fighting
  5146 | D:5      | Paralysed by a giant eyeball for 4 turns
  5415 | D:5      | Found a glowing drain.
  5468 | Sewer    | Entered a sewer
  6523 | D:5      | Found a staircase to the Ecumenical Temple.
  6529 | Temple   | Entered the Ecumenical Temple
  6586 | Temple   | Became a worshipper of Warmaster Okawaru
  7335 | D:6      | Found a shattered altar of Ashenzari.
  7375 | D:6      | Found a sand-covered staircase.
  7380 | Ossuary  | Entered an ossuary
  7519 | Ossuary  | Reached XP level 8. EP: 66/75
  8018 | D:6      | Paralysed by a giant eyeball for 3 turns
  8172 | D:6      | Acquired Okawaru's first power
  8208 | D:6      | Reached skill level 8 in Evocations
  8254 | D:6      | Reached skill level 5 in Long Blades
  8499 | D:7      | Reached skill level 1 in Invocations
  8505 | D:7      | Paralysed by a giant eyeball for 4 turns
  8716 | D:7      | Found Pneraenoi's Antique Armour Shop.
  8894 | D:7      | Reached XP level 9. EP: 67/83
  9004 | D:7      | Found a basalt altar of Yredelemnul.
  9004 | D:7      | Found a glowing golden altar of the Shining One.
  9005 | D:7      | Noticed a profane servitor
  9013 | D:7      | Noticed an angel
  9054 | D:7      | Found a burning altar of Makhleb.
  9130 | D:7      | Noticed Ijyb
  9155 | D:7      | Killed Ijyb
  9208 | D:7      | Found an ancient bone altar of Kikubaaqudgha.
  9392 | D:8      | Noticed Duvessa
  9392 | D:8      | Noticed Dowan
  9406 | D:8      | Killed Duvessa
  9418 | D:8      | Killed Dowan
 10156 | D:8      | Found a radiant altar of Vehumet.
 10194 | D:8      | Noticed Grum
 10215 | D:8      | Killed Grum
 10221 | D:8      | Paralysed by a giant eyeball for 2 turns
 10227 | D:8      | Paralysed by a giant eyeball for 2 turns
 10231 | D:8      | Reached skill level 9 in Long Blades
 10242 | D:8      | Acquired Okawaru's second power
 10425 | D:8      | Found a white marble altar of Elyvilon.
 10514 | D:8      | Reached XP level 10. EP: 83/93
 11087 | D:9      | Received a gift from Okawaru
 11816 | D:9      | Reached skill level 10 in Long Blades
 11877 | D:9      | Found a roughly hewn altar of Beogh.
 12558 | D:10     | Entered Level 10 of the Dungeon
 12558 | D:10     | Found a staircase to the Lair.
 12716 | D:10     | Noticed a hill giant
 12718 | D:10     | Noticed a satyr
 12718 | D:10     | a hill giant changed into a satyr
 12734 | D:10     | Killed a satyr
 12734 | D:10     | Reached skill level 11 in Long Blades
 13540 | D:10     | Reached XP level 11. EP: 77/102
 14243 | D:11     | Noticed a hill giant
 14591 | D:11     | Slain by a big kobold

Action                   |  1- 3 |  4- 6 |  7- 9 | 10-12 || total
-------------------------+-------+-------+-------+-------++-------
Melee: Short sword       |   185 |   481 |    17 |       ||   683
       Unarmed           |       |     3 |       |       ||     3
       Bastard sword     |       |       |   490 |   311 ||   801
Evoke: Wand              |       |    24 |     2 |     7 ||    33
  Use: Potion            |     4 |     5 |     2 |     6 ||    17
       Scroll            |       |     1 |    13 |     9 ||    23
 Stab: Sleeping          |       |     1 |       |       ||     1
       Held in net/web   |       |       |     3 |       ||     3
